 Dungeon Crawl Stone Soup version 0.27.1-34-g3ba077fa99 (webtiles) character file.

Game seed: 15432756750553997776

43 cbfl8 the Sneak (level 3, -10/32 (33) HPs)
             Began as a Minotaur Delver on Jan 17, 2022.
             Mangled by an ogre (15 damage)
             ... on level 5 of the Dungeon.
             The game lasted 00:03:00 (460 turns).

cbfl8 the Sneak (Minotaur Delver)                    Turns: 460, Time: 00:03:01

HP:   -10/32 (33)   AC:  7    Str: 16    XL:     3   Next: 37%
MP:   2/2           EV: 12    Int: 11    God:
Gold: 5             SH:  0    Dex: 11    Spells: 2/2 levels left

rFire    . . .     SeeInvis .   a - +0 hand axe
rCold    + . .     Faith    .   (no shield)
rNeg     . . .     Spirit   .   l - +3 leather armour of the Hurricane {rC+ Int+3}
rPois    .         Reflect  .   (helmet restricted)
rElec    .         Harm     .   (no cloak)
rCorr    .         Rampage  .   (no gloves)
Will     .....                  j - +0 pair of boots
Stlth    ++........             (no amulet)
HPRegen  0.10/turn              (no ring)
MPRegen  0.08/turn              (no ring)

@: lightly drained
A: horns 2, retaliatory headbutt
a: no special abilities


You were on level 5 of the Dungeon.
You visited 1 branch of the dungeon, and saw 2 of its levels.

You collected 5 gold pieces.

Inventory:

Hand Weapons
 a - a +0 hand axe (weapon)
Missiles
 k - 4 atropa-tipped darts (quivered)
Armour
 b - a +0 leather armour
 j - a +0 pair of boots (worn)
 l - the +3 leather armour of the Hurricane (worn) {rC+ Int+3}
   (You found it on level 5 of the Dungeon)

   Int:       It affects your intelligence (+3).
   rC:        It protects you from cold.
 m - a +3 leather armour
Wands
 g - a wand of digging (3)
 i - a wand of iceblast (7)
Scrolls
 e - a scroll of fear


   Skills:
 + Level 3.9 Fighting
 + Level 2.6 Axes
 + Level 0.7 Armour
 + Level 2.4 Dodging
 + Level 4.8 Stealth


You had 2 spell levels left.
You didn't know any spells.
Your spell library was empty.

Dungeon Overview and Level Annotations

Branches:
Dungeon (5/15)
 Temple: D:4-7

Altars:
Dithmenos


Innate Abilities, Weirdness & Mutations

You have a pair of horns on your head.
You reflexively headbutt those who attack you in melee.


Message History

There are monsters nearby!
There are monsters nearby!
The hound zombie barely misses you.
You open the door.
The necrophage hits you but does no damage.
Found 13 gold pieces.
There is an open door here.
The necrophage hits you but does no damage.
You see here 13 gold pieces.
Found a book of the Senses.
The necrophage barely misses you. You furiously retaliate!
You headbutt the necrophage!
Found a dagger.
The necrophage barely misses you. You furiously retaliate!
You headbutt the necrophage, but do no damage.
The hound zombie misses you.
You see here a book of the Senses.
The hound zombie bites you but does no damage.
The necrophage hits you but does no damage.
The hound zombie closely misses you.
The hound zombie bites you but does no damage.
The necrophage hits you.
* * * LOW HITPOINT WARNING * * *
The hound zombie closely misses you.
The hound zombie bites you but does no damage.
You open the door.
An ogre comes into view. It is wielding a +0 giant spiked club.
The hound zombie misses you. You furiously retaliate!
You headbutt the hound zombie! The necrophage completely misses you.
The hound zombie barely misses you. The necrophage hits you.
* * * LOW HITPOINT WARNING * * *
You feel drained.
There is an open door here.
The helpless ogre fails to defend itself.
You hit the ogre.
The ogre is lightly wounded.
You hit the necrophage.
The necrophage hits you but does no damage.
The ogre hits you with a +0 giant spiked club!
You die...

#...'.....#
#####.....#
##.....#
#.$..###
#.#### #....#
#....#
#....#########
#...Zn@O......
##:..#########
#...# #...#
#)..# #...#
#####


You could see an ogre, a necrophage and a hound zombie.

Vanquished Creatures
  An orc priest (D:4)
  An adder (D:4)
  2 orcs
4 creatures vanquished.

Notes
Turn   | Place    | Note
-------+----------+-------------------------------------------
     0 | D:5      | cbfl8 the Minotaur Delver began the quest for the Orb.
     0 | D:5      | Reached XP level 1. HP: 19/19 MP: 0/0
    18 | D:5      | Found a shadowy altar of Dithmenos.
    95 | D:5      | Noticed a steam dragon
   124 | D:5      | Noticed a jelly
   125 | D:5      | Identified the +3 leather armour of the Hurricane {rC+
                  | Int+3}
   299 | D:4      | Noticed an orc priest
   389 | D:4      | Reached XP level 2. HP: 22/27 MP: 1/1
   399 | D:4      | Reached XP level 3. HP: 2/33 MP: 2/2
   415 | D:5      | Noticed a necrophage
   457 | D:5      | Noticed an ogre
   460 | D:5      | Mangled by an ogre

Illustrated notes

Levels and vault maps discovered:
D:4:      layout_loops_ring, portal_sewer_entry_d
D:5:      layout_basic, nicolae_dithmenos_through_a_glass_darkly

Action                   || total
-------------------------++-------
Melee: Hand axe          ||    19
       Headbutt          ||     1
  Use: Scroll            ||     3
       Potion            ||     1
 Stab: Sleeping          ||     2
Armor: Leather armour    ||    15
Dodge: Dodged            ||    22
